[Event "Early-Titled-Tuesday-Blitz-September-26-2023"]
[Site "Chess.com"]
[Date "2023.09.26"]
[Round "6"]
[White "Juicy_Fork"]
[Black "Raskolnikov6"]
[Result "0-1"]
[WhiteElo "2475"]
[BlackElo "2341"]
[TimeControl "180+1"]
[EndTime "9:09:52 PDT"]
[Termination "Raskolnikov6 won by checkmate"]

1. e4 c5 2. Nf3 Nc6 3. Bb5 g6 4. O-O Bg7 5. c3 Nf6 6. Qa4 O-O 7. d4 cxd4 8. cxd4 d6 9. d5 Nb8 10. h3 Bd7 11. Nc3 Bxb5 12. Qxb5 Nbd7 13. Qxb7 Nc5 14.
Qb4 a5 15. Qc4 Qb8 16. Be3 Rd8 17. Bxc5 Rc8 18. Na4 Nd7 19. Bxd6 Rxc4 20. Bxb8 Rxa4 21. Bg3 Rxe4 22. Rfe1 Rxe1+ 23. Rxe1 Bf6 24. Rc1 Bxb2 25. Rc7 Nf6 26. Rxe7 Nxd5 27. Rd7 Nc3 28. Rb7 Ba3 29. Ng5 Rf8 30. Bc7 a4 31. Ba5 Nxa2 32. Ra7 Bc1 33. Ne4 a3 34. Bb6 Nb4 35. Nf6+ Kg7 36. Bd4 Nc6 37.
Nh5+ Kh6 38. Bg7+ Kxh5 39. g4+ Kh4 40. Bf6+ Kxh3 41. Ra6 Rc8 42. f3 Kg3 43. Kf1 Kxf3 44. Ke1 Bb2 45. Kd2 Bxf6 46. Rxa3+ Kxg4 47. Ke3 Kf5 48. Kf3 Be5 49. Ra5 g5 50. Ra6 g4+ 51. Kg2 h5 52.
Ra1 h4 53. Rf1+ Kg5 54. Re1 f5 55. Rd1 h3+ 56. Kh1 g3 57. Kg1 Bd4+ 58. Kh1 g2+ 59. Kh2 g1=Q+ 60. Rxg1+ Bxg1+ 61. Kxh3 Bd4 62. Kg3 f4+ 63. Kf3 Ne5+ 64. Ke2 f3+ 65. Kd2 Ra8 66. Ke1 Ra2 67. Kf1 Kg4 68. Ke1 f2+ 69. Kf1 Ra1+ 70.
Ke2 f1=Q+ 71. Kd2 Qd3# 0-1

[Event "Early-Titled-Tuesday-Blitz-September-26-2023"]
[Site "Chess.com"]
[Date "2023.09.26"]
[Round "6"]
[White "profedechess93"]
[Black "only_strong_moves"]
[Result "1-0"]
[WhiteElo "2671"]
[BlackElo "2521"]
[TimeControl "180+1"]
[EndTime "9:09:53 PDT"]
[Termination "profedechess93 won by resignation"]

1. e4 e6 2. d4 d5 3. Nc3 Bb4 4. e5 c5 5. a3 Bxc3+ 6. bxc3 Ne7 7. Nf3 Qc7 8. h4 h6 9. h5 Bd7 10. a4 Qa5 11. Bd2 Qc7 12. Bd3 Nbc6 13. O-O c4 14.
Be2 f5 15. Bc1 O-O-O 16. Ba3 Be8 17. Nh4 Rg8 18. Qd2 g5 19. hxg6 Nxg6 20. Nxg6 Rxg6 21. Rab1 Qg7 22. Bf3 Rg5 23. g3 h5 24. Qf4 h4 25.
Bc1 Rg6 26. Bh5 hxg3 27. Bxg6 g2 28. Kxg2 Bxg6 29. Qg5 Rh8 30. Rh1 Rg8 31. Bf4 Qf8 32. Kf3 Be8 33. Qf6 Bf7 34. Rh7 Nd8 35. Bg5 Bg6 36.
Re7 Bh5+ 37. Kf4 Qxf6 38. exf6 b6 39. Rh1 Bg6 40. Rh6 a5 41. Rg7 Bf7 42. Rxg8 Bxg8 43. Rh8 Bf7 44. Ke5 Kd7 45. Bh6 Nc6+ 46. Kf4 e5+ 47.
dxe5 Ke6 48. Rc8 Nxe5 49. Rb8 Ng6+ 50. Kg5 Ke5 51. Rxb6 Nf4 52. Rb7 Ne6+ 53. Kh4 Be8 54. Bg7 Kf4 55. f7 Bxf7 56. Rxf7 Nc5 57. Bh6+ Kf3 58.
Be3 Nxa4 59. Rxf5+ Ke4 60. Rf4+ Ke5 61. Rf8 Nxc3 62.
Ra8 Nd1 63. Rxa5 Ke4 64. Bg5 Nxf2 65. Kg3 Nd1 66. Ra1 Nc3 67. Re1+ Kd4 68. Bf6+ Kc5 69. Bxc3 d4 70. Bxd4+ Kxd4 71. Re2 Kc5 72. Kf2 c3 73. Ke1 Kc4 74. Kd1 Kb5 75. Re3 Kc5 76. Rd3 Kc6 77. Kc1 1-0

[Event "Early-Titled-Tuesday-Blitz-September-26-2023"]
[Site "Chess.com"]
[Date "2023.09.26"]
[Round "6"]
[White "AlexPapasimakopoulos"]
[Black "FREDERICKtheMATE"]
[Result "0-1"]
[WhiteElo "2737"]
[BlackElo "2614"]
[TimeControl "180+1"]
[EndTime "9:09:57 PDT"]
[Termination "FREDERICKtheMATE won on time"]

1. d4 Nf6 2. c4 e6 3. Nc3 d5 4.
cxd5 exd5 5. Bg5 c6 6. e3 Be7 7. Bd3 Nbd7 8. Qc2 h6 9. Bh4 Nh5 10. Bxe7 Qxe7 11. O-O-O Nb6 12. Kb1 Bd7 13. Nf3 O-O-O 14.
Na4 Nxa4 15. Qxa4 Kb8 16. Rc1 Rhe8 17. Qa5 Nf6 18. Ne5 Ng4 19. Nxg4 Bxg4 20. Rc3 Qc7 21. Qb4 Qb6 22. Qa4 Bd7 23. Rhc1 f5 24. Rb3 Qc7 25. Ra3 b6 26. g3 c5 27. Qc2 c4 28. Bxf5 Bxf5 29. Qxf5 Rf8 30. Qc2 Qf7 31. f4 Rde8 32.
Rc3 g6 33. Re1 Qf5 34. Qxf5 gxf5 35. Kc2 h5 36. Kd2 b5 37. Ke2 b4 38. Rc2 a5 39.
Kf3 Kb7 40. h3 Rg8 41. Rg2 Kb6 42. g4 hxg4+ 43. hxg4 fxg4+ 44. Rxg4 Rxg4 45. Kxg4 c3 46. b3 Kc6 47. Kf5 Kd6 48. Kf6 c2 49. Rc1 Rxe3 50. Rxc2 Re4 51. Rf2 Rxd4 52. f5 Rg4 53. Kf7 d4 54. f6 d3 55. Ke8 Rg8+ 56. Kf7 Rg4 57. Kf8 Rd4 58. Rd2 Ke6 59. f7 Rd8+ 60. Kg7 Rd7 61.
Rxd3 Rxf7+ 62. Kg6 Rf2 63. Kg5 Ke5 64. Kg4 Ke4 65.
Rh3 Rg2+ 66. Kh4 Rxa2 67. Kg5 Rf2 68. Kg6 Kd4 69. Rg3 Re2 70. Kf6 Re3 71. Rg5 Rxb3 72.
Rxa5 Re3 73. Rb5 Kc4 74. Rb6 b3 75. Rc6+ Kd3 76. Rd6+ Kc2 77. Rc6+ Rc3 78. Rb6 b2 0-1

[Event "Early-Titled-Tuesday-Blitz-September-26-2023"]
[Site "Chess.com"]
[Date "2023.09.26"]
[Round "6"]
[White "twofoxniel"]
[Black "Emp3rador"]
[Result "1/2-1/2"]
[WhiteElo "2667"]
[BlackElo "2530"]
[TimeControl "180+1"]
[EndTime "9:09:58 PDT"]
[Termination "Game drawn - insufficient material"]

1. e4 e6 2. d4 d5 3. Nd2 dxe4 4. Nxe4 Nd7 5. Nf3 Ngf6 6. Bd3 Nxe4 7. Bxe4 Nf6 8. Bg5 Be7 9. Bd3 b6 10. Qe2 Bb7 11.
O-O-O O-O 12. Ne5 a5 13. h4 a4 14. Rhe1 h6 15. f4 Qd5 16. Kb1 Qxg2 17. Qxg2 Bxg2 18. Bxf6 gxf6 19. Rg1 fxe5 20. Rxg2+ Kh8 21. fxe5 Rg8 22. Rf2 Bxh4 23. Rxf7 Rg7 24. Rff1 a3 25. Be4 Rd8 26. c4 axb2 27. d5 exd5 28. cxd5 Bg3 29. Rf5 Rg5 30. e6 Rxf5 31. Bxf5 Bd6 32. Kxb2 Rf8 33. Bg6 Kg7 34.
Rg1 Rf2+ 35. Kb3 Kf6 36. Bh5 Rf5 37. Rg6+ Ke5 38. Rxh6 Kxd5 39. Bf7 Kc5 40. Rh3 Re5 41.
Rc3+ Kb5 42. a4+ Ka6 43. Rd3 Ka5 44. Rh3 Re4 45. Rh5+ Bc5 46. Bg6 Re3+ 47. Kc4 Rxe6 48. Bc2 Rd6 49. Rh4 Rf6 50. Rg4 Ka6 51. Bd3 Ka5 52.
Bc2 Rf2 53. Kb3 Rf3+ 54. Kc4 Bb4 55. Be4 Rc3+ 56. Kd5 Kxa4 57. Bf5 Rc5+ 58. Ke6 Kb5 59. Bd3+ Ka5 60. Rc4 Rxc4 61. Bxc4 b5 62. Bb3 c5 63.
Kd5 Kb6 64. Bd1 Bc3 65. Be2 Bg7 66. Bd3 Ka5 67. Kc6 Kb4 68. Bxb5 c4 69. Bxc4 1/2-1/2

[Event "Early-Titled-Tuesday-Blitz-September-26-2023"]
[Site "Chess.com"]
[Date "2023.09.26"]
[Round "6"]
[White "Alphafischer2019"]
[Black "Qvalda"]
[Result "0-1"]
[WhiteElo "2590"]
[BlackElo "2382"]
[TimeControl "180+1"]
[EndTime "9:09:58 PDT"]
[Termination "Qvalda won by checkmate"]

1. d4 e6 2. Nc3 Nf6 3. Bf4 Bb4 4. Qd3 O-O 5. O-O-O d5 6. f3 c5 7. dxc5 Nbd7 8. e4 Nxc5 9. Qd4 Qa5 10. e5 Nfd7 11. Nge2 b5 12. Bd2 Bb7 13. a3 Bxc3 14. Bxc3 Qb6 15.
Ng3 a5 16. Be2 Rfc8 17. Kd2 Qc6 18. Ke1 Na4 19. Rd3 b4 20. axb4 axb4 21. Qxb4 Ba6 22. Re3 Bxe2 23. Nxe2 Rab8 24. Qd4 Nxc3 25. Rxc3 Qa6 26.
Rxc8+ Rxc8 27. c3 Qa1+ 28. Qd1 Qxb2 29. f4 Nc5 30. Qd2 Qxd2+ 31. Kxd2 Ne4+ 32. Kc2 Nxc3 33. Nxc3 d4 34. Kd3 Rxc3+ 35. Kxd4 Rc2 36. Ra1 g5 37.
fxg5 Rxg2 38. h4 Rg4+ 39. Ke3 Rxh4 40. Kf3 Kg7 41. Ra7 Kg6 42. Kg3 Rh5 43. Kf4 Rxg5 44. Ra8 Rf5+ 45. Ke4 Kg7 46. Ra1 Rg5 47. Ra8 h5 48.
Ra1 h4 49. Rh1 Rh5 50. Kf4 h3 51. Kg4 Rh7 52. Rh2 Kg6 53. Kf4 Rh4+ 54. Kg3 Rh5 55. Kf4 Rf5+ 56. Ke4 Rh5 57. Kf4 Rh8 58. Kg4 f6 59.
Kf4 fxe5+ 60. Kxe5 Kg5 61. Kxe6 Kg4 62. Ke5 Kg3 63.
Rh1 h2 64. Ke4 Kg2 65. Ra1 h1=Q 66. Rxh1 Kxh1 67. Kf3 Kh2 68. Kg4 Rf8 69. Kg5 Kg3 70.
Kg6 Rf4 71. Kg7 Kf3 72. Kg6 Ke4 73. Kg5 Ke5 74. Kg6 Rf5 75. Kg7 Rf6 76. Kg8 Ke6 77. Kg7 Kf5 78. Kh7 Rg6 79. Kh8 Kf6 80. Kh7 Kf7 81.
Kh8 Rh6# 0-1

[Event "Early-Titled-Tuesday-Blitz-September-26-2023"]
[Site "Chess.com"]
[Date "2023.09.26"]
[Round "6"]
[White "Doomfist26"]
[Black "MasterKroket"]
[Result "1/2-1/2"]
[WhiteElo "2602"]
[BlackElo "2435"]
[TimeControl "180+1"]
[EndTime "9:09:59 PDT"]
[Termination "Game drawn - insufficient material"]

1. e4 e5 2. Nf3 Nc6 3. Bc4 Bc5 4. b4 Bxb4 5. c3 Ba5 6. d4 exd4 7. O-O Nf6 8. e5 d5 9. exf6 dxc4 10. fxg7 Rg8 11.
Bg5 Qd5 12. Bf6 Be6 13. Nxd4 Nxd4 14. Qxd4 Qxd4 15. cxd4 Bd5 16. Na3 Kd7 17. Nc2 Ke6 18.
Ne3 Kxf6 19. Nxd5+ Kxg7 20. Rac1 c6 21. Ne7 Rge8 22.
Nf5+ Kf6 23. Nd6 Re2 24. Nxb7 Bb6 25. Rxc4 Rxa2 26. Rxc6+ Kg7 27. d5 Re8 28. Nd6 Re5 29. g4 f6 30. Nf5+ Kg6 31. d6 Ree2 32. d7 Rad2 33. Nd6 Bd8 34. h4 Re6 35. h5+ Kg7 36. Nf5+ Kf7 37. Nh6+ Ke7 38. Nf5+ Kxd7 39. Rxe6 Kxe6 40.
Re1+ Kd5 41. Re8 Bb6 42. Ne3+ Bxe3 43. Rxe3 a5 44. Ra3 Ke5 45. Rxa5+ Kf4 46. Ra4+ Kg5 47. Kg2 f5 48. Kg3 fxg4 49. Rxg4+ Kxh5 50. Ra4 Rd5 51. f4 Kg6 52. Kg4 h5+ 53. Kf3 Kf5 54. Ra3 Rb5 55. Re3 Ra5 56. Rb3 Rc5 57. Kg3 Ra5 58. Rb4 Ra3+ 59.
Kh4 Rf3 60. Rb5+ Kxf4 61. Kxh5 Rh3+ 62. Kg6 Rg3+ 63. Kf6 Kf3 64. Rb3+ Kg2 65. Rb2+ Kh3 66. Kf5 Rg2 67. Rb1 Rg3 68. Kf4 Rg4+ 69. Kf3 Rg3+ 70.
Kf4 Rg4+ 71. Kf5 Rg3 72. Rb2 Rg2 73. Rb8 Rf2+ 74. Ke4 Kg3 75. Rg8+ Kh3 76. Ke3 Rf7 77. Rg1 Rf6 78. Ke2 Rf7 79. Rf1 Rxf1 80. Kxf1 1/2-1/2

[Event "Early-Titled-Tuesday-Blitz-September-26-2023"]
[Site "Chess.com"]
[Date "2023.09.26"]
[Round "6"]
[White "Mikhail_Golubev"]
[Black "AradNazari"]
[Result "1/2-1/2"]
[WhiteElo "2592"]
[BlackElo "2795"]
[TimeControl "180+1"]
[EndTime "9:10:05 PDT"]
[Termination "Game drawn by repetition"]

1. e4 c5 2. Nf3 d6 3. d4 cxd4 4. Nxd4 Nf6 5. Nc3 a6 6. Bc4 e6 7. O-O b5 8. Bb3 Qb6 9. Qf3 Qb7 10. Re1 Nbd7 11. Qg3 b4 12. Nd5 exd5 13. exd5+ Kd8 14. Nc6+ Kc7 15. c3 Nc5 16. cxb4 Nxb3 17. axb3 Bd7 18. Bg5 Bxc6 19. dxc6 Qxb4 20. Qf3 Rg8 21. Bxf6 gxf6 22. Qxf6 Rg7 23. Re7+ Bxe7 24. Qxe7+ Kxc6 25. Rc1+ Kd5 26. Rd1+ Kc6 27. Rc1+ Kd5 28. Rc4 Qxc4 29. bxc4+ Kxc4 30. Qe4+ Kb3 31. Qxa8 Kxb2 32. Qb7+ Kc3 33. Qxa6 Rg6 34.
Qc6+ Kd4 35. Qd7 Rf6 36. Qe7 Re6 37. Qh4+ Re4 38. f4 Kd3 39. Qf2 d5 40. h3 d4 41.
Kh2 Re2 42. Qh4 Kc2 43. Qxh7+ d3 44. Qf5 Kc3 45. Qc5+ Kb2 46. Qb5+ Kc3 47. Qa5+ Kc2 48. Qa2+ Kc3 49. Qxf7 d2 50. Qc7+ Kd3 51. Qd6+ Ke3 52. Qe5+ Kd3 53. Qb5+ Ke3 54. Qc5+ Kd3 55. Qb5+ Ke3 56.
Qb3+ Kf2 57. Qg3+ Kf1 58. Qd3 Ke1 59. Qg3+ Kf1 60. Qd3 Ke1 61. f5 d1=Q 62. Qxd1+ Kxd1 63. Kg3 Ke1 64. Kg4 Rxg2+ 65. Kh5 Ke2 66. f6 Ke3 67. f7 Rf2 68. Kg6 Ke4 69. h4 Ke5 70. Kg7 Rg2+ 71. Kh7 Rf2 72. Kg7 Rg2+ 73. Kh7 Rf2 74.
Kg7 1/2-1/2

[Event "Early-Titled-Tuesday-Blitz-September-26-2023"]
[Site "Chess.com"]
[Date "2023.09.26"]
[Round "6"]
[White "Irina_Mikhaylova"]
[Black "Caroexpert"]
[Result "0-1"]
[WhiteElo "2284"]
[BlackElo "2445"]
[TimeControl "180+1"]
[EndTime "9:10:06 PDT"]
[Termination "Caroexpert won by checkmate"]

1. d4 d5 2. c4 e6 3. Nc3 a6 4.
cxd5 exd5 5. Bf4 Nf6 6. e3 c5 7. dxc5 Bxc5 8. Nf3 Nc6 9. Rc1 O-O 10. Be2 Be6 11.
O-O d4 12. exd4 Nxd4 13. Nxd4 Bxd4 14. Bf3 Ra7 15. a3 b5 16. Ne4 Nxe4 17. Bxe4 Bxb2 18.
Rc2 Qxd1 19. Rxd1 Bxa3 20. Be3 Rd7 21. Ra1 Be7 22. h3 b4 23. Rxa6 b3 24. Rb2 Bf6 25. Rxe6 Bxb2 26. Rb6 Bd4 27. Rxb3 Bxe3 28. Rxe3 g6 29.
Bf3 Kg7 30. g3 Rc8 31. Re2 Rc1+ 32. Kg2 Rcd1 33. h4 h5 34. Ra2 R1d2 35. Rxd2 Rxd2 36.
Be4 Kf6 37. Bc6 Ke5 38. Be8 Ke6 39. Bb5 Rb2 40. Bc4+ Kf6 41. Bd5 Rd2 42. Bc4 Rd7 43.
Bb5 Rc7 44. Bd3 Ke5 45. Be2 Kd4 46. Bf3 Kd3 47. Bd5 Rd7 48. Bc6 Rd6 49. Be8 Rf6 50. Bb5+ Kd2 51. Kf1 Re6 52. Bc4 Re1+ 53. Kg2 Re7 54.
Kf1 f6 55. Bb5 Re5 56. Ba4 Re1+ 57. Kg2 Re4 58. Bc6 Re5 59. Kf1 Re6 60. Bd5 Re7 61. Bc4 Kc3 62. Bd5 Kd3 63. Bc6 f5 64. Bb5+ Kd2 65. Bc6 Re1+ 66. Kg2 Re5 67. Kf1 Re6 68. Bd5 Rb6 69. Ba2 Rf6 70. Bb3 f4 71. Kg2 f3+ 72. Kg1 Ke1 73. Bd5 Rf8 74. Be4 Ke2 75. Bc6 Rb8 76.
Bb5+ Rxb5 77. g4 hxg4 78. Kh2 Kxf2 79. h5 Rxh5# 0-1

[Event "Early-Titled-Tuesday-Blitz-September-26-2023"]
[Site "Chess.com"]
[Date "2023.09.26"]
[Round "6"]
[White "Fy_Rakotomaharo"]
[Black "TERMINATOR_PC"]
[Result "1-0"]
[WhiteElo "2708"]
[BlackElo "2554"]
[TimeControl "180+1"]
[EndTime "9:10:07 PDT"]
[Termination "Fy_Rakotomaharo won by resignation"]

1. Nf3 Nf6 2. c4 e6 3. Nc3 d5 4. e3 b6 5. b3 Bb7 6. Bb2 Nbd7 7.
cxd5 exd5 8. d4 a6 9. Bd3 Bd6 10. O-O O-O 11. Qc2 Qe7 12. Rac1 Rfe8 13. Ne2 Ne4 14. Ng3 g6 15. Ne5 Nxg3 16. hxg3 Rac8 17. Nc6 Qf6 18. Rfe1 h5 19. e4 dxe4 20. Bxe4 Qg5 21.
Ne7+ Rxe7 22. Bxb7 Rce8 23. Rxe7 Rxe7 24. Bxa6 Nf6 25.
d5 Nxd5 26. Qc6 Nf6 27. Rd1 Be5 28. Bxe5 Qxe5 29. Bc4 Kg7 30. a4 Ng4 31. Qf3 Qf6 32. Qxf6+ Kxf6 33. b4 Ne5 34. Bf1 Nc6 35. Rb1 Re4 36. b5 Ne5 37. Rc1 Rxa4 38. Rxc7 Ra1 39. f3 Nd3 40. Rc6+ Ke5 41. Rxb6 Nb4 42. Kf2 Ra2+ 43.
Kg1 Nd5 44. Rb8 Ra1 45. Kf2 Ra2+ 46. Ke1 Kd4 47. Rd8 Ra1+ 48. Kf2 Ra2+ 49. Ke1 Ra1+ 50.
Kf2 Ra2+ 51. Be2 Kc5 52. Rc8+ Kd4 53. Rc4+ Ke5 54. Ke1 Rb2 55. Re4+ Kd6 56. Rd4 Ke5 57. Rd2 Rb1+ 58. Kf2 Nc3 59. f4+ Kf6 60. Bf3 Nxb5 61.
Rc2 Nd4 62. Ra2 Rc1 63. Ra6+ Kg7 64. Ke3 Nf5+ 65. Kf2 Rc2+ 66. Kg1 Nxg3 67. Ra7 Nf5 68. Bd5 Nd6 69. Rd7 Nf5 70. Rxf7+ Kh6 71. Ra7 h4 72. Bg8 Kh5 73. Bd5 g5 74. Bf3+ g4 75. Be4 Ng3 76. Bxc2 1-0

[Event "Early-Titled-Tuesday-Blitz-September-26-2023"]
[Site "Chess.com"]
[Date "2023.09.26"]
[Round "6"]
[White "rasmussvane"]
[Black "PeshkaCh"]
[Result "1-0"]
[WhiteElo "3003"]
[BlackElo "2807"]
[TimeControl "180+1"]
[EndTime "9:10:08 PDT"]
[Termination "rasmussvane won by checkmate"]

1. Nf3 Nf6 2. g3 d5 3. Bg2 c5 4. O-O Nc6 5. d4 cxd4 6. Nxd4 e5 7. Nxc6 bxc6 8. c4 Be7 9. Nc3 e4 10. Bg5 Be6 11. Qa4 O-O 12. Rfd1 Qb6 13. cxd5 cxd5 14.
Rd2 h6 15. Be3 Qb4 16. Qxb4 Bxb4 17. Bd4 Rfc8 18. Rc1 a5 19. Rdc2 Rc4 20. e3 Rac8 21. Bf1 R4c7 22. Ba6 Ra8 23. Be2 Rac8 24. Kf1 Ng4 25. h3 Nh2+ 26. Kg2 Nf3 27. Bxf3 exf3+ 28. Kxf3 Bf5 29. Rd2 Bxc3 30. Rxc3 Rxc3 31. Bxc3 Be4+ 32.
Ke2 a4 33. f3 Bb1 34. Rxd5 Bxa2 35. Ra5 Bb3 36. g4 Rd8 37. e4 Bc4+ 38. Kf2 Bb3 39.
Ke3 Bc4 40. Rxa4 Bb3 41. Rb4 Bc2 42. h4 Rd3+ 43. Ke2 Rd1 44. Rb8+ Kh7 45. Rb7 Kg8 46. Rc7 Rh1 47. h5 Bd1+ 48. Kf2 Rh3 49. Kg2 Rxf3 50. Rd7 Be2 51. Rd2 Rxc3 52. bxc3 Bxg4 53. Rd5 f5 54. exf5 Bxh5 55. Kg3 Kf7 56. Kf4 Be2 57. Rd4 g6 58. fxg6+ Kxg6 59. c4 Kf6 60. c5 Bb5 61. c6 Ke6 62. c7 Bd7 63. Rd2 Ke7 64. Ke5 h5 65. Rg2 h4 66. Rg7+ Ke8 67. Rg8+ Kf7 68. c8=Q Bxc8 69.
Rxc8 Kg6 70. Kf4 h3 71. Kg3 Kg5 72. Kxh3 Kf4 73. Rg8 Kf5 74. Rg4 Ke5 75. Kg3 Ke6 76. Kf4 Kf6 77. Rg5 Kf7 78. Ke5 Ke7 79. Rg7+ Ke8 80.
Ke6 Kf8 81. Rg6 Ke8 82. Rg8# 1-0

[Event "Early-Titled-Tuesday-Blitz-September-26-2023"]
[Site "Chess.com"]
[Date "2023.09.26"]
[Round "6"]
[White "MidnightFox"]
[Black "SRob2003"]
[Result "1-0"]
[WhiteElo "2441"]
[BlackElo "2615"]
[TimeControl "180+1"]
[EndTime "9:10:09 PDT"]
[Termination "MidnightFox won on time"]

1. d4 Nf6 2. c4 e6 3. g3 d5 4.
Bg2 Bb4+ 5. Nd2 O-O 6. Qc2 b6 7. Nf3 Ba6 8. O-O c6 9. b3 Nbd7 10. e4 Bxd2 11. Nxd2 dxc4 12. bxc4 e5 13. Bb2 exd4 14. Bxd4 Re8 15. Rad1 Qc7 16. h3 Rad8 17. f4 Nh5 18. Bf2 g6 19. e5 Nc5 20.
Bxc5 bxc5 21. Ne4 Kh8 22. g4 Ng7 23. Nd6 Re7 24. f5 Red7 25. fxg6 fxg6 26. Nf7+ Rxf7 27. Rxd8+ Qxd8 28. Rxf7 Qd4+ 29. Qf2 Bxc4 30. Qxd4 cxd4 31. Rf8+ Bg8 32. Bxc6 Ne6 33. Ra8 Nf4 34. Rxa7 d3 35. Rd7 Bxa2 36. Kf2 g5 37. Ke3 h5 38. gxh5 Nxh5 39.
Kxd3 Nf4+ 40. Ke4 Be6 41. Re7 Bxh3 42. Bb5 Kg8 43. Bc4+ Kf8 44. Ra7 Ke8 45. Bb3 Kf8 46. Ra8+ Ke7 47. Ra6 Kf8 48. Rb6 Kg7 49. Kf3 Bf5 50. Ra6 Bd3 51. Ra7+ Kg6 52. Kg4 Be2+ 53. Kg3 Kh5 54. Rb7 Kg6 55. Rb6+ Kf5 56. Bc2+ Kxe5 57. Rb8 Bc4 58. Re8+ Kf6 59. Rc8 Be6 60. Rc6 Ke5 61. Ra6 Ne2+ 62. Kf2 Nd4 63. Ra5+ Kf4 64. Bh7 g4 65. Ra4 Ke5 66. Kg3 Bd7 67. Rb4 Ne2+ 68. Kf2 Nf4 69. Kg3 Nh5+ 70. Kh4 Nf6 71. Kg5 Nxh7+ 72. Kh6 Nf6 73. Kg6 g3 74. Rb1 1-0

[Event "Early-Titled-Tuesday-Blitz-September-26-2023"]
[Site "Chess.com"]
[Date "2023.09.26"]
[Round "6"]
[White "Krakozia"]
[Black "rezamahdavi2008"]
[Result "1-0"]
[WhiteElo "3041"]
[BlackElo "2877"]
[TimeControl "180+1"]
[EndTime "9:10:15 PDT"]
[Termination "Krakozia won by resignation"]

1. Nf3 g6 2. d4 Nf6 3. Bf4 Bg7 4. Nbd2 O-O 5. e4 d6 6. c3 c5 7. dxc5 dxc5 8. Bc4 Nh5 9. Be3 Qc7 10. O-O b6 11. Re1 Nc6 12. a4 Nf4 13. g3 e5 14.
Qc2 Bg4 15. Nh4 Rad8 16. f3 Nh3+ 17. Kg2 Bc8 18. Rad1 Qe7 19. Bd5 Na5 20. Nb3 Nxb3 21. Qxb3 Nf4+ 22. Bxf4 exf4 23. a5 bxa5 24. Kf2 Rd6 25.
Ng2 fxg3+ 26. hxg3 Rb6 27. Qa3 Be6 28. Ne3 Rfb8 29.
Re2 h5 30. Nc4 Rb3 31. Qa4 h4 32. Rg1 hxg3+ 33. Rxg3 Qh4 34. Bxe6 fxe6 35. Qd7 Qf6 36. Rd2 R3b7 37. Qc6 Rf7 38. Kg2 Bh6 39. Rd6 Re7 40. Rd7 Rbe8 41. Nd6 Rf8 42. e5 Qg7 43. Rxe7 Qxe7 44. Qe4 g5 45. Qg6+ Bg7 46. Rxg5 Rb8 47. Ne4 Rxb2+ 48. Kh3 Qf7 49. Nf6+ Kf8 50. Nh7+ Kg8 51. Nf6+ Kf8 52. Nh7+ Kg8 53. Qd3 Rb8 54. Nf6+ Kf8 55. Qd6+ Qe7 56. Qxb8+ Kf7 57. Rxg7+ Kxg7 58. Qg8+ Kh6 59. Ng4+ Kh5 60. Nf6+ Kh6 61. Qh8+ Kg5 62. Kg3 Qf7 63. Qh4+ Kf5 64. Qf4+ Kg6 65. Qg4+ Kh6 66. Qh4+ Kg7 67. Qh7+ Kf8 68. Qh8+ Ke7 69. Kf4 Qf8 70.
Qh7+ Qf7 71. Qh8 Qf8 72. Qxf8+ Kxf8 73. Nd7+ Ke7 74. Nxc5 Kd8 75. Ke4 Kc7 76. Nxe6+ Kb6 77. Nd4 a4 78. Nc2 1-0

[Event "Early-Titled-Tuesday-Blitz-September-26-2023"]
[Site "Chess.com"]
[Date "2023.09.26"]
[Round "6"]
[White "Alenzer"]
[Black "kroppar"]
[Result "0-1"]
[WhiteElo "2107"]
[BlackElo "2396"]
[TimeControl "180+1"]
[EndTime "9:10:23 PDT"]
[Termination "kroppar won by resignation"]

1. e4 d5 2. exd5 Qxd5 3. Nc3 Qd8 4. d4 Nf6 5. Nf3 c6 6. h3 Bf5 7. Bd3 Bxd3 8. Qxd3 Nbd7 9. Bd2 e6 10. O-O-O Bd6 11.
g4 Qc7 12. Kb1 Bf4 13. g5 Nd5 14. Ne4 O-O-O 15. c4 Ne7 16. h4 Nf5 17. Qb3 Bxd2 18. Rxd2 Qf4 19. Qd3 Nb6 20. Re1 h6 21. g6 f6 22. Nc5 Nxc4 23. Qxc4 Qxf3 24. Qxe6+ Kb8 25. Qf7 Nd6 26. Qxg7 Qf5+ 27. Ka1 Rhe8 28. Re7 Qc8 29. Rde2 Nf5 30. Rxb7+ Ka8 31. Rxa7+ Kb8 32. Na6+ Qxa6 33. Rxa6 Nxg7 34. Rxe8 Rxe8 35. Kb1 Kb7 36. Ra4 Re1+ 37.
Kc2 Re2+ 38. Kd3 Rxf2 39. Rb4+ Kc8 40. a4 Rg2 41. a5 Rxg6 42. a6 Rg1 43. Rb7 Ne6 44.
Rh7 Ra1 45. a7 Nc7 46. Rxh6 Kb7 47. Rxf6 Rxa7 48. h5 Ra8 49. h6 Nd5 50. Rf7+ Kb6 51.
h7 Rh8 52. Ke4 Rxh7 53. Rxh7 Nf6+ 54. Ke5 Nxh7 55. d5 c5 56. d6 Nf8 57. b3 Nd7+ 58. Kd5 Nb8 59. Ke6 Kc6 60. Ke5 Nd7+ 61. Ke4 Kxd6 62. Kd3 Nb8 63. Kc3 Nc6 64. Kc4 Nb4 65. Kc3 Kd5 66. Kb2 Kd4 67. Ka3 Nd5 68. Kb2 Kd3 69. Ka3 Kc3 70. Ka2 Kb4 71. Kb2 Nc3 72.
Kc2 Nb5 73. Kb2 Nd4 74. Ka2 Nxb3 75. Kb2 Nd4 76. Kc1 Kc3 77. Kd1 Kb2 0-1

[Event "Early-Titled-Tuesday-Blitz-September-26-2023"]
[Site "Chess.com"]
[Date "2023.09.26"]
[Round "6"]
[White "Goryachkina"]
[Black "Hrant_ChessMood"]
[Result "0-1"]
[WhiteElo "2684"]
[BlackElo "2913"]
[TimeControl "180+1"]
[EndTime "9:10:24 PDT"]
[Termination "Hrant_ChessMood won by checkmate"]

1. e4 e5 2. Nf3 Nc6 3. Bc4 Nf6 4. d3 h6 5. c3 d6 6. Nbd2 g6 7. b4 Bg7 8. Qb3 Qe7 9. O-O O-O 10.
a4 Kh7 11. a5 a6 12. Bb2 Be6 13. Rfe1 Nh5 14. d4 Bxc4 15. Nxc4 Nf4 16. Rad1 Rae8 17. b5 axb5 18. Qxb5 exd4 19. cxd4 Qd7 20. d5 Ne5 21. Qxd7 Nxd7 22. Bxg7 Kxg7 23. g3 Nh5 24. e5 dxe5 25.
Nfxe5 Nxe5 26. Nxe5 Nf6 27. d6 cxd6 28. Rxd6 Ng4 29. f4 Nxe5 30. Rxe5 Rxe5 31. fxe5 Re8 32.
Rd5 g5 33. Kf2 h5 34. Kf3 Rc8 35. Rb5 Rc2 36. h3 Rc3+ 37. Kf2 Kg6 38. Rxb7 Rc5 39.
Ra7 Rxe5 40. a6 Ra5 41. Kf3 Ra3+ 42. Kf2 Ra2+ 43. Kf3 Ra3+ 44. Kf2 f6 45. Ra8 Kf5 46. a7 h4 47. gxh4 gxh4 48. Rh8 Rxa7 49. Rxh4 Ra2+ 50.
Kf3 Ra3+ 51. Kf2 Ke5 52. Rb4 Rxh3 53. Rb5+ Kf4 54. Rb4+ Kg5 55. Rb5+ f5 56. Rb4 Rc3 57. Ra4 Kf6 58. Ra5 Ke6 59. Rb5 Rd3 60. Ra5 Rd4 61.
Rb5 Kf6 62. Ra5 Kg5 63. Kf3 Rd3+ 64. Kf2 Rb3 65. Ra4 Rd3 66. Rb4 Rh3 67. Ra4 Rh4 68. Ra8 Rb4 69. Kf3 Rb3+ 70. Kf2 Kg4 71. Ra4+ f4 72. Ra2 Rh3 73. Ra8 Rh2+ 74. Kg1 Rd2 75. Ra3 Re2 76. Rb3 Re3 77. Rb4 Kg3 78. Rb5 Re1# 0-1

[Event "Early-Titled-Tuesday-Blitz-September-26-2023"]
[Site "Chess.com"]
[Date "2023.09.26"]
[Round "6"]
[White "blitzo_vich"]
[Black "Zohid6"]
[Result "0-1"]
[WhiteElo "2633"]
[BlackElo "2784"]
[TimeControl "180+1"]
[EndTime "9:10:43 PDT"]
[Termination "Zohid6 won by resignation"]

1. Nf3 d5 2. e3 Nf6 3. c4 e6 4.
b3 Be7 5. Bb2 O-O 6. Be2 c5 7.
O-O Nc6 8. cxd5 exd5 9. d4 Ne4 10.
Nbd2 cxd4 11. Nxd4 Bf6 12. Nxe4 dxe4 13. Nxc6 Qxd1 14.
Raxd1 Bxb2 15. Ne7+ Kh8 16. Nxc8 Raxc8 17. Rd7 Rb8 18. Rfd1 Be5 19. Re7 Bf6 20. Rxe4 Rfd8 21. Kf1 Kg8 22. g3 Kf8 23. Bf3 Rxd1+ 24. Bxd1 Rd8 25.
Ke2 Bc3 26. Rc4 Rd2+ 27. Kf3 Be5 28. Bc2 Ke7 29. a4 h5 30. a5 b5 31. Rc5 Bd6 32. Rc8 g5 33. h3 g4+ 34. hxg4 hxg4+ 35. Kg2 b4 36. a6 Rd5 37. Be4 Ra5 38. Bb7 Ra2 39.
Rc4 f6 40. Rxg4 Bc5 41. Kf3 Ra3 42. Rc4 Kd6 43. Rf4 Rxb3 44. Rxf6+ Ke7 45. Rc6 Rc3 46. Rc8 b3 47. Be4 b2 48. Rb8 Bb6 49. g4 Rc4 50.
Bf5 Rc5 51. Be4 Re5 52. Bd3 Rd5 53. Bg6 Ra5 54. Bd3 Ra3 55. Be4 Rxa6 56. g5 Ra1 57. g6 Rg1 58. Rb7+ Kf6 59. Rf7+ Ke6 60. Rf8 Bc5 61.
Rc8 Bb6 62. Rb8 Kf6 63. Rf8+ Ke7 64. Rf7+ Ke6 65. Rf8 a5 66. Rb8 Bc5 67. Rxb2 a4 68. Rc2 Bd6 69. Bd3 a3 70. Rc8 a2 71. Bc4+ Kd7 72. Bxa2 Kxc8 73. Bf7 Kd7 74. Ke4 Ke7 75.
f4 Kf6 76. Kf3 Bb8 77. e4 Rf1+ 78. Kg4 Rxf4+ 0-1

[Event "Early-Titled-Tuesday-Blitz-September-26-2023"]
[Site "Chess.com"]
[Date "2023.09.26"]
[Round "6"]
[White "JoliyRoger"]
[Black "levallem"]
[Result "1-0"]
[WhiteElo "2506"]
[BlackElo "2375"]
[TimeControl "180+1"]
[EndTime "9:10:51 PDT"]
[Termination "JoliyRoger won on time"]

1. d4 d5 2. c4 e6 3. Nc3 Nf6 4. Nf3 Be7 5. Bg5 O-O 6. e3 h6 7.
Bh4 Ne4 8. Bxe7 Qxe7 9. Qc2 Nxc3 10. bxc3 Nd7 11. Be2 dxc4 12. Bxc4 b6 13. O-O Bb7 14.
Qe2 c5 15. a4 Rac8 16. Ba6 Nf6 17. a5 cxd4 18. cxd4 bxa5 19. Rxa5 Be4 20. Bd3 Rc7 21. Bxe4 Nxe4 22. Qd3 Nf6 23. Rfa1 Rfc8 24. g3 Qb4 25. Rxa7 g5 26. h3 Qb6 27. Rxc7 Rxc7 28. Rb1 Qc6 29. Nd2 Kg7 30. Nb3 Qc2 31. Qxc2 Rxc2 32.
Rc1 Rb2 33. Nc5 Nd5 34. Nd3 Rb7 35. Ne5 f6 36. Nd3 Kg6 37. Rc6 Re7 38. Nc5 e5 39. e4 Nb4 40. Rb6 Nc2 41. d5 Nd4 42. Kg2 Rc7 43. Ne6 Nxe6 44. Rxe6 Rc4 45. Kf3 Rc3+ 46.
Ke2 Rc2+ 47. Ke3 Ra2 48. Rc6 Ra3+ 49. Ke2 Ra2+ 50. Ke3 Ra3+ 51. Kd2 Ra4 52. Kd3 Rd4+ 53. Ke3 h5 54. Rc2 g4 55. hxg4 hxg4 56. Rd2 Ra4 57.
d6 Ra8 58. d7 Rd8 59. f3 gxf3 60. Kxf3 Kf7 61. Kg4 Ke6 62. Kh5 Ke7 63. Kg6 Rg8+ 64.
Kh5 Rd8 65. g4 Rh8+ 66. Kg6 Rg8+ 67. Kh6 Rd8 68. Kg7 Ke6 69. Kg6 Rg8+ 70. Kh7 Rd8 71.
Kg7 Ke7 72. Rd5 Ke6 73. Kh7 Kf7 74. Rd6 Ke7 75. Rd1 Rxd7 76. Rxd7+ Kxd7 77. Kg7 Ke7 78. Kg6 Ke6 79. g5 fxg5 80. Kxg5 Kd7 81. Kf6 Kd8 82. Kf5 Ke7 83. Kxe5 Kd7 84. Kf6 Ke8 85. e5 Kf8 86. e6 Ke8 87. e7 Kd7 88. Kf7 Kd6 89.
e8=Q Kd5 90. Qe3 1-0